 Dungeon Crawl Stone Soup version 0.26-a0-667-g92642533e4 (webtiles) character file.

Game seed: 7755700203455420579

8544 ANON1729 the Zephyrmancer (level 11, 0/68 HPs)
             Began as a Barachi Air Elementalist on Oct 18, 2020.
             Was a Believer of Vehumet.
             Slain by a centaur warrior skeleton (7 damage)
             ... on level 11 of the Dungeon.
             The game lasted 00:36:59 (14563 turns).

ANON1729 the Zephyrmancer (BaAE)                   Turns: 14563, Time: 00:37:00

Health: 0/68       AC:  8    Str:  9      XL:     11   Next: 32%
Magic:  0/23       EV: 16    Int: 24      God:    Vehumet [**....]
Gold:   612        SH:  0    Dex: 13 (14) Spells: 9/27 levels left

rFire    . . .     SeeInvis .   p - +3 short sword (drain)
rCold    + . .     Faith    .   (no shield)
rNeg     . . .     Spirit   .   L - +3 leather armour {rC+}
rPois    .         Reflect  .   (no helmet)
rElec    .         Harm     .   (no cloak)
rCorr    .         Rampage  .   u - +1 pair of gloves
MR       .....                  (no boots)
Stlth    +++.......             (no amulet)
HPRegen  0.21/turn              B - +6 ring of intelligence
MPRegen  0.18/turn              l - ring of wizardry

@: can't hop, slow
A: +LOS, swims, slowness 1, strong legs 1
a: Hop, Renounce Religion


You were on level 11 of the Dungeon.
You worshipped Vehumet.
Vehumet was pleased with you.
You visited 2 branches of the dungeon, and saw 12 of its levels.

You collected 612 gold pieces.

Inventory:

Hand Weapons
 p - a +3 short sword of draining (weapon)
 N - the +2 spear of Tartarus {protect, rF- rN++ Str+4 SInv}
   (You found it on level 7 of the Dungeon)

   It grants its wielder temporary protection when it strikes (+7 to AC).
   It affects your strength (+4).
   It makes you vulnerable to fire.
   It greatly protects you from negative energy.
   It lets you see invisible.
Missiles
 r - a throwing net (quivered)
Armour
 u - a +1 pair of gloves (worn)
 L - a +3 leather armour of cold resistance (worn)
 S - a +0 leather armour of positive energy
Jewellery
 l - a ring of wizardry (right hand)
 q - a +4 ring of protection
 y - an uncursed ring of fire
 z - an uncursed ring of ice
 B - a +6 ring of intelligence (left hand)
 D - a cursed amulet of faith
 R - an uncursed ring of poison resistance
 X - an uncursed ring of positive energy
Wands
 o - a wand of digging (7)
 P - a wand of paralysis (17)
 Y - a wand of enslavement (8)
Scrolls
 b - 9 scrolls of teleportation
 d - 4 scrolls of magic mapping
 e - 2 scrolls of enchant weapon
 f - 2 scrolls of immolation
 h - 4 scrolls of identify
 j - a scroll of brand weapon {unknown}
 k - 2 scrolls of blinking
 m - 2 scrolls of fog
 s - 5 scrolls of remove curse
 E - 2 scrolls of amnesia
 F - a scroll of enchant armour {unknown}
 H - 2 scrolls of fear {unknown}
 K - a scroll of torment {unknown}
 Q - 2 scrolls of random uselessness {unknown}
Potions
 g - 2 potions of haste
 i - 7 potions of stabbing
 t - 2 potions of resistance
 w - 2 potions of might
 x - 3 potions of heal wounds
 A - 3 potions of lignification {unknown}
 C - 2 potions of cancellation {unknown}
 I - 7 potions of curing
 O - 2 potions of berserk rage {unknown}
 T - a potion of degeneration {unknown}
 W - a potion of flight {unknown}
 Z - a potion of ambrosia {unknown}


   Skills:
 - Level 4.0 Armour
 + Level 8.2 Dodging
 + Level 7.4 Stealth
 * Level 8.5 Spellcasting
 + Level 7.8 Conjurations
 + Level 1.8 Ice Magic
 * Level 9.4 Air Magic


You had 9 spell levels left.
You knew the following spells:

 Your Spells              Type           Power        Failure   Level
a - Shock                 Conj/Air       ####         1%          1
b - Swiftness             Air            ######..     1%          2
c - Static Discharge      Conj/Air       ######..     1%          3
d - Airstrike             Air            ######....   1%          4
e - Lightning Bolt        Conj/Air       ######....   2%          5
f - Frozen Ramparts       Ice            ###...       4%          3

Your spell library contained the following spells:

 Spells                   Type           Power        Failure   Level
 Stone Arrow              Conj/Erth      ####..       1%          3
 Sandblast                Erth           ##....       3%          1
 Passwall                 Tmut/Erth      ##......     5%          2
 Petrify                  Tmut/Erth      ##......     32%         4
 Lee's Rapid Deconstruct  Erth           ##........   65%         5


Dungeon Overview and Level Annotations

Branches:
Dungeon (11/15)            Temple (1/1) D:5            Lair (0/6) D:11
    Orc (0/2) D:10

Altars:
Ashenzari
Cheibriados
Dithmenos
Elyvilon
Fedhas
Gozag
Hepliaklqana
Kikubaaqudgha
Makhleb
Nemelex Xobeh
Okawaru
Qazlal
Ru
Sif Muna
Trog
Uskayaw
Vehumet
Wu Jian
Xom
Yredelemnul
Zin
The Shining One
Beogh

Annotations:
D:3 3 runed translucent doors, Askman's ghost, amateur DsBr


Innate Abilities, Weirdness & Mutations

You can be seen from farther away. (+LOS)
You can swim through water.
You cover ground slowly.
You can hop short distances.


Message History

That beam is likely to hit you.
Continue anyway?
The zap hits the centaur warrior skeleton!
The centaur warrior skeleton is severely damaged.
The zap hits the centaur warrior skeleton.
The centaur warrior skeleton is severely damaged.
The zap misses you.
The centaur warrior skeleton hits you but does no damage.
Casting: Shock (safe; 1% risk of failure)
Confirm with . or Enter, or press ? or * to list all spells.
Aiming: Shock (safe; 1% risk of failure)
Press: ? - help, Shift-Dir - straight line That beam is likely to hit you.
Continue anyway?
The zap hits the centaur warrior skeleton!
The centaur warrior skeleton is almost destroyed.
The zap hits the centaur warrior skeleton.
The centaur warrior skeleton is almost destroyed.
The zap hits you but does no damage. The centaur warrior skeleton hits you.
* * * LOW HITPOINT WARNING * * *
The centaur warrior skeleton hits you!
You die...

(...##.........##
...##...........#
............>...#
................#
...#............#
...##...........#
...###.........##
...#####.....##### ...#
...##'##....#..Z@# #...###
.......######....+ #......
.................# #......
.................# +.....
.................# #...#
.................###+###+##...#
..............................#
..............................#
...................########...#


You could see a centaur warrior skeleton.

Vanquished Creatures
  Harold (D:10)
  An unseen horror (D:7)
  Pikel (D:9)
  2 ugly things
  2 komodo dragons (D:11)
  A troll (D:10)
  A hornet (D:7)
  A wyvern (D:11)
  7 yaks
  Edmund (D:6)
  3 orc warriors
  A black bear (D:9)
  2 sky beasts
  4 ice beasts
  2 phantoms
  An ogre (D:8)
  3 centaurs
  3 bullfrogs
  A gnoll sergeant (D:7)
  3 scorpions
  6 killer bees
  4 wights (D:8)
  3 howler monkeys (D:9)
  3 bullfrog zombies
  3 bullfrog skeletons (D:7)
  A quasit (D:11)
  6 orc priests
  2 hounds
  4 jellies
  8 orc wizards
  A centaur skeleton (D:8)
  3 iguanas
  8 worker ants
  A worker ant zombie (D:7)
  3 hound skeletons
  A howler monkey skeleton (D:6)
  Robin (D:2)
  5 gnolls (D:7)
  11 adders
  A shadow imp (D:7)
  A white imp (D:5)
  3 ufetubi
  2 oozes
  An adder zombie (D:7)
  2 adder skeletons (D:6)
  3 worms
  4 dart slugs
  4 leopard geckos
  23 orcs
  A ball python (D:1)
  8 bats
  3 giant cockroaches
  13 goblins
  10 hobgoblins
  25 jackals
  3 quokkas
  2 frilled lizards (D:1)
  10 kobolds
  16 rats
250 creatures vanquished.

Vanquished Creatures (others)
  45 plants (D:11)
45 creatures vanquished.

Grand Total: 295 creatures vanquished

Notes
Turn   | Place    | Note
-------+----------+-------------------------------------------
     0 | D:1      | ANON1729 the Barachi Air Elementalist began the quest for
                  | the Orb.
     0 | D:1      | Reached XP level 1. HP: 13/13 MP: 3/3
   239 | D:1      | Reached XP level 2. HP: 19/19 MP: 1/5
  1107 | D:1      | Reached XP level 3. HP: 22/24 MP: 1/6
  1328 | D:2      | Learned a level 2 spell: Swiftness
  1913 | D:2      | Reached XP level 4. HP: 30/30 MP: 1/8
  2115 | D:2      | Noticed Robin
  2125 | D:2      | Killed Robin
  2596 | D:2      | Found a hazy altar of Hepliaklqana.
  2597 | D:2      | Found a shimmering altar of Xom.
  2598 | D:2      | Noticed a spectral ugly thing
  2777 | D:3      | Noticed an ice beast
  2784 | D:3      | Learned a level 4 spell: Airstrike
  2792 | D:3      | Killed an ice beast
  2792 | D:3      | Reached skill level 4 in Air Magic
  2792 | D:3      | Reached XP level 5. HP: 11/35 MP: 0/9
  3253 | D:3      | Found a snail-covered altar of Cheibriados.
  3418 | D:3      | Reached XP level 6. HP: 41/41 MP: 2/11
  4020 | D:3      | Found a runed translucent gate.
  4021 | D:3      | Found a runed translucent gate.
  4022 | D:3      | Found a runed translucent gate.
  4022 | D:3      | Found a roughly hewn altar of Beogh.
  4025 | D:3      | Noticed Askman's ghost (amateur DsBr)
  4272 | D:3      | Learned a level 3 spell: Static Discharge
  4839 | D:4      | Found a sacrificial altar of Ru.
  4888 | D:4      | Found a broken altar of Ashenzari.
  4955 | D:4      | Reached XP level 7. HP: 46/46 MP: 6/12
  5500 | D:5      | Entered Level 5 of the Dungeon
  5578 | D:5      | Noticed a fire elemental
  5583 | D:5      | Found a stormy altar of Qazlal.
  5583 | D:5      | Noticed an air elemental
  5584 | D:5      | Noticed a water elemental
  5818 | D:5      | Found a stormy altar of Qazlal.
  5818 | D:5      | Found an iron altar of Okawaru.
  5828 | D:5      | Reached skill level 5 in Air Magic
  5925 | D:5      | Found a hazy altar of Hepliaklqana.
  5957 | D:5      | Found a staircase to the Ecumenical Temple.
  5982 | Temple   | Entered the Ecumenical Temple
  6220 | Temple   | Became a worshipper of Vehumet
  6400 | D:5      | Found a shimmering blue altar of Sif Muna.
  6541 | D:6      | Reached XP level 8. HP: 50/52 MP: 0/14
  6829 | D:6      | Learned a level 5 spell: Lightning Bolt
  7024 | D:6      | Noticed Edmund
  7036 | D:6      | Killed Edmund
  7036 | D:6      | Reached skill level 5 in Dodging
  7048 | D:6      | Reached skill level 1 in Armour
  8261 | D:7      | Reached skill level 5 in Spellcasting
  8419 | D:7      | Noticed a hornet
  8422 | D:7      | Killed a hornet
  8422 | D:7      | Reached * piety under Vehumet
  8422 | D:7      | Offered knowledge of Sandblast by Vehumet.
  8422 | D:7      | Reached skill level 5 in Stealth
  8422 | D:7      | Reached skill level 5 in Conjurations
  8422 | D:7      | Reached skill level 6 in Air Magic
  8425 | D:7      | Noticed a green ugly thing
  8431 | D:7      | Killed an unseen horror
  8431 | D:7      | Reached XP level 9. HP: 28/57 MP: 1/17
  8434 | D:7      | Killed a green ugly thing
  8755 | D:7      | Got a bound jade ring
  8757 | D:7      | Identified the ring of Soteahukk {*Tele Dex+4 Stlth+} (You
                  | found it on level 7 of the Dungeon)
  8767 | D:7      | Got a brightly glowing spear
  8768 | D:7      | Identified the +2 spear of Tartarus {protect, rF- rN++
                  | Str+4 SInv} (You found it on level 7 of the Dungeon)
  9027 | D:7      | Found an opulent altar of Gozag.
  9211 | D:7      | Reached skill level 7 in Air Magic
  9956 | D:8      | Reached XP level 10. HP: 63/63 MP: 6/19
 10395 | D:8      | Offered knowledge of Searing Ray by Vehumet.
 10515 | D:8      | Found a glowing golden altar of the Shining One.
 10764 | D:9      | Reached ** piety under Vehumet
 10878 | D:9      | Found a basalt altar of Yredelemnul.
 10923 | D:9      | Noticed Pikel
 10933 | D:9      | Killed Pikel
 11235 | D:9      | Reached skill level 8 in Air Magic
 11539 | D:9      | Found an ornate altar of the Wu Jian Council.
 11944 | D:10     | Entered Level 10 of the Dungeon
 12074 | D:10     | Found a staircase to the Orcish Mines.
 12387 | D:10     | Noticed Harold
 12398 | D:10     | Killed Harold
 12877 | D:11     | Reached XP level 11. HP: 68/68 MP: 16/22
 12924 | D:11     | Noticed a storm dragon
 12945 | D:11     | Identified the +2 ring mail of the Fiend {rElec rF+ Dex-2}
                  | (You found it on level 11 of the Dungeon)
 13012 | D:11     | Noticed a five-headed hydra
 13079 | D:11     | Reached skill level 9 in Air Magic
 13096 | D:10     | Offered knowledge of Frozen Ramparts by Vehumet.
 13101 | D:10     | Learned a level 3 spell: Frozen Ramparts
 13590 | D:11     | Reached skill level 1 in Ice Magic
 13711 | D:11     | Found a hide-covered altar of Uskayaw.
 14461 | D:11     | Found a staircase to the Lair.
 14518 | D:11     | Noticed a purple ugly thing
 14546 | D:11     | Killed a purple ugly thing
 14563 | D:11     | Slain by a centaur warrior skeleton

Illustrated notes

Levels and vault maps discovered:
D:1:      eino_arrival_water_star, layout_loops_corners, chequers_mini_garden
D:2:      layout_basic, regret_index_temple_of_mockery, uniq_robin
D:3:      layout_basic, kennysheep_slug_shrine, biasface_ghost_orc_armoury,
          hangedman_feature_mirror, kennysheep_pointless_box
D:4:      layout_loops_ring, hangedman_ru_absence, nicolae_ashenzari_panopticon
D:5:      layout_cave_pools, lemuel_coloured_pillars_altar,
          gammafunk_temple_overflow_wave, minmay_temple_entry_slanted,
          basic_altar, st_stairs_12, nicolae_qazlal_style_of_elements
D:6:      layout_cave_pods, uniq_edmund
D:7:      minmay_the_grid_octo_2x2 [minmay_the_grid_octo_clover,
          minmay_the_grid_octo_checkerflower, minmay_the_grid_octo_focus,
          minmay_the_grid_octo_prize_single_spiral], layout_gridville,
          marbit_many_paths
D:8:      layout_cave_pools, kennysheep_little_box
D:9:      layout_loops_ring, lemuel_round_altar, overflow_temple_1_default,
          uniq_pikel
D:10:     layout_roguey, orc_0_dummy, uniq_harold
D:11:     layout_irregular_city, david_lair_shrubbed, basic_altar,
          onia_ninara_dug_in_and_dangerous
Temple:   jpeg_temple_alley_garden

Skill      XL: |  1  2  3  4  5  6  7  8  9 10 11 |
---------------+----------------------------------+-----
Stealth        | 2 3 4 5 6 7 |  7.4
Conjurations   | 2 3 4 5 6 7 |  7.8
Dodging        | 3 4 6 7 8 |  8.2
Spellcasting   | 3 4 5 6 7 8 |  8.5
Air Magic      | 4 5 6 7 8 9 |  9.4
Armour         | 3 4 |  4.0
Ice Magic      | 1 |  1.8

Action                   |  1- 3 |  4- 6 |  7- 9 | 10-12 || total
-------------------------+-------+-------+-------+-------++-------
Melee: Short sword       |       |     1 |     2 |       ||     3
 Cast: Shock             |    80 |   126 |   219 |   199 ||   624
       Airstrike         |       |     2 |    26 |    54 ||    82
       Static Discharge  |       |       |     5 |     4 ||     9
       Lightning Bolt    |       |       |     1 |       ||     1
       Swiftness         |       |       |     1 |     1 ||     2
       Frozen Ramparts   |       |       |       |     2 ||     2
 Abil: Hop               |       |       |       |     2 ||     2
Evoke: Wand              |       |       |     3 |     4 ||     7
  Use: Scroll            |       |       |     8 |    10 ||    18
Armor: Robe              |     3 |     3 |       |       ||     6
       Leather armour    |       |     6 |    23 |    14 ||    43
Dodge: Dodged            |    10 |    30 |    77 |    75 ||   192

Table legend: (Time is in decaauts)
 A = Elapsed time spent in this place.
 B = Non-inter-level travel time spent in this place.
 C = Inter-level travel time spent in this place.
 D = Time resting spent in this place.
 E = Time spent auto-exploring this place.
 F = Levels seen in this place.
 G = Mean time per level.
                   A        B        C        D        E       F      G
               +--------+--------+--------+--------+--------+-----+--------+
         Total |  15847 |  15510 |    337 |   6062 |   7534 |  12 | 1320.6 |
       Dungeon |  15521 |  15228 |    293 |   6062 |   7274 |  11 | 1411.0 |
        Temple |    325 |    281 |     44 |      0 |    260 |   1 |  325.0 |
               +--------+--------+--------+--------+--------+-----+--------+

Top non-repeatable levels by time:
     D:7: 1944 daAuts
     D:2: 1702 daAuts
     D:3: 1674 daAuts
     D:6: 1664 daAuts
    D:11: 1565 daAuts
     D:4: 1342 daAuts
     D:1: 1323 daAuts
     D:9: 1293 daAuts
    D:10: 1219 daAuts
     D:8: 972 daAuts
     D:5: 819 daAuts
  Temple: 325 daAuts
